Philadelphia Phantoms vs Cape Breton Oilers
Created - Saturday, February 7, 2026 at 07:17
Goals
|
| Philadelphia Phantoms |
1 |
2 |
0 |
3 |
| Cape Breton Oilers |
0 |
2 |
2 |
4 |
|
Shots
|
| Philadelphia Phantoms |
13 |
11 |
4 |
28 |
| Cape Breton Oilers |
8 |
13 |
9 |
30 |
|
1st period
1. Philadelphia Phantoms , Jacob Quillan 6 (Michael Carcone 13, Albert Johansson 8) at 14:36
Penalties :
William Trudeau (CBO) for Fighting (Major) at 3:13, Jacob Quillan (PHP) for Fighting (Major) at 3:13, Jaroslav Chmelar (PHP) for Hooking (Minor) at 7:59, Patrick Maroon (CBO) for Fighting (Major) at 12:57, Kai Uchacz (PHP) for Fighting (Major) at 12:57, Zack MacEwen (CBO) for Fighting (Major) at 15:59, Dylan Coghlan (PHP) for Fighting (Major) at 15:59
2nd period
2. Cape Breton Oilers , Zack MacEwen 4 (Ryan Reaves 3) at 1:36
3. Cape Breton Oilers , Jonny Brodzinski 16 (Patrick Maroon 22, Conor Geekie 21) at 9:49
4. Philadelphia Phantoms , Luca Del Bel Belluz 7 (Nils Aman 10, Marc Gatcomb 10) at 15:51 (PP)
5. Philadelphia Phantoms , Nils Aman 8 (Marc Gatcomb 11) at 19:11 (PP)
Penalties :
Patrick Maroon (CBO) for Hooking (Minor) at 5:53, Marc Gatcomb (PHP) for Roughing (Minor) at 5:57, Colin White (CBO) for Tripping (Minor) at 10:51, Colin White (CBO) for Slashing (Minor) at 14:03, Matt Rempe (PHP) for Slashing (Minor) at 16:25, Ryan Reaves (CBO) for Roughing (Minor) at 18:40
3rd period
6. Cape Breton Oilers , Ryan Reaves 10 (Zack MacEwen 6, Kevin Bahl 11) at 0:34
7. Cape Breton Oilers , Nolan Allan 2 (Zack MacEwen 7, Ryan Reaves 4) at 4:14
Penalties :
Albert Johansson (PHP) for Hooking (Minor) at 18:27
Goalie Stats
Cooper Black (PHP), 26 saves from 30 shots - (0.867), L, 7-3-1, 60:00 minutes
Damian Clara (CBO), 25 saves from 28 shots - (0.893), W, 10-1-1, 60:00 minutes
Players Stats for Philadelphia Phantoms
Player Name G A P +/- PIM S H SB GA TA FO MP PP MP PK MP
------------------------------------------------------------------------------------
0 0 0 0 0 0 0 0 0 0 0/0 0:00 0:00 0:00
Adam Klapka 0 0 0 0 0 5 1 0 0 0 0/1 11:21 1:45 0:00
Albert Johansson 0 1 1 -1 2 1 1 3 1 0 0/0 20:31 1:36 1:56
Dylan Coghlan 0 0 0 0 5 0 1 1 0 1 0/0 19:20 1:36 3:10
Jacob Quillan 1 0 1 -1 5 2 1 0 0 0 6/10 17:14 1:45 2:33
Jaroslav Chmelar 0 0 0 -1 2 0 1 0 0 0 0/1 13:38 0:00 1:40
Kai Uchacz 0 0 0 -1 5 4 0 0 1 0 5/7 10:43 0:00 0:00
Luca Del Bel Belluz 1 0 1 -1 0 1 1 0 0 0 17/29 21:47 2:37 2:21
Marc Gatcomb 0 2 2 -1 2 1 2 0 0 0 1/2 14:16 2:36 0:00
Marcel Marcel 0 0 0 0 0 0 1 1 0 0 4/6 9:36 0:00 0:00
Matt Rempe 0 0 0 0 2 1 1 0 0 1 2/2 9:51 0:00 0:00
Michael Callahan 0 0 0 0 0 1 0 1 0 0 0/0 16:24 0:00 2:33
Michael Carcone 0 1 1 -1 0 3 2 0 1 0 0/0 16:09 1:45 0:00
Nils Aman 1 1 2 -1 0 2 0 0 2 0 2/2 18:35 2:37 1:09
Ryan Johnson 0 0 0 -1 0 0 2 3 0 0 0/0 16:25 0:00 0:32
Ryan Winterton 0 0 0 -1 0 2 1 0 0 0 1/1 16:49 0:00 2:32
Samuel Johannesson 0 0 0 -2 0 1 0 2 1 0 0/0 20:41 2:46 0:00
Tye Kartye 0 0 0 -1 0 4 3 0 1 0 0/0 14:46 0:00 1:11
Tyler Kleven 0 0 0 -2 0 0 1 1 0 1 0/0 24:36 2:46 2:57
Players Stats for Cape Breton Oilers
Player Name G A P +/- PIM S H SB GA TA FO MP PP MP PK MP
------------------------------------------------------------------------------------
0 0 0 0 0 0 0 0 0 0 0/0 0:00 0:00 0:00
Alexandre Texier 0 0 0 0 0 1 3 1 0 0 0/1 17:44 2:33 0:11
Brennan Othmann 0 0 0 2 0 2 1 0 0 1 1/9 16:32 0:00 0:00
Carl Grundstrom 0 0 0 0 0 5 0 0 2 1 1/3 20:14 2:33 2:06
Chase Stillman 0 0 0 -1 0 0 0 0 0 0 0/0 6:48 0:00 0:00
Colin White 0 0 0 0 4 0 1 0 0 0 7/13 16:53 2:33 0:00
Conor Geekie 0 1 1 1 0 6 2 0 0 0 6/14 20:05 2:55 2:04
Jonny Brodzinski 1 0 1 1 0 4 2 1 0 0 4/8 19:11 2:51 2:07
Josh Bloom 0 0 0 0 0 0 1 0 0 0 0/3 9:18 0:10 0:00
Kevin Bahl 0 1 1 1 0 0 3 1 1 0 0/0 25:57 2:42 2:21
Michael Benning 0 0 0 0 0 0 0 0 0 1 0/0 7:24 0:00 0:00
Nolan Allan 1 0 1 2 0 3 1 0 0 0 0/0 21:01 2:52 2:01
Patrick Maroon 0 1 1 1 7 0 1 1 0 0 3/8 19:48 2:55 1:54
Ryan Reaves 1 2 3 3 2 4 2 2 0 0 1/2 14:23 0:06 0:00
Seamus Casey 0 0 0 0 0 0 0 0 0 1 0/0 13:02 0:00 0:00
Vladislav Kolyachonok 0 0 0 2 0 0 2 0 0 1 0/0 21:01 2:52 2:01
William Trudeau 0 0 0 0 5 0 0 0 0 0 0/0 11:31 0:00 0:00
Wyatt Kaiser 0 0 0 1 0 0 0 4 0 2 0/0 20:21 2:42 2:21
Zack MacEwen 1 2 3 2 5 5 3 0 0 0 0/0 12:23 0:06 0:22
3 Stars
1 - Ryan Reaves (CBO)
2 - Zack MacEwen (CBO)
3 - Nolan Allan (CBO)
Power Play
Philadelphia Phantoms - 2 on 4 Attempt(s) - 50.00%
Cape Breton Oilers - 0 on 4 Attempt(s) - 0.00%
Penalty Kill
Philadelphia Phantoms - 4 on 4 Attempt(s) - 100.00%
- Score 0 goal in Penalty Kill
Cape Breton Oilers - 2 on 4 Attempt(s) - 50.00%
- Score 0 goal in Penalty Kill
Team Stat
Philadelphia Phantoms - Hits : 19 - Faceoff Wins : 38 - Blocked Shots : 12 - Penalty Minutes : 23
Cape Breton Oilers - Hits : 22 - Faceoff Wins : 23 - Blocked Shots : 10 - Penalty Minutes : 23
Official
Referees : Jordan Samuels and Ian Walsh
Linesman : Bevan Mills and Joseph Mahon
Game Notes
William Trudeau beats up Jacob Quillan at 3:13 of 1st period
Patrick Maroon beats up Kai Uchacz at 12:57 of 1st period
Zack MacEwen and Dylan Coghlan fight to a draw at 15:59 of 1st period
Philadelphia Phantoms
5 vs 5 Forward
Center Left Wing Right Wing Time % Phy DF OF
1 Luca Del Bel Belluz Nils Aman Tye Kartye 30 1 2 2
2 Jacob Quillan Michael Carcone Ryan Winterton 30 1 2 2
3 Kai Uchacz Marc Gatcomb Jaroslav Chmelar 25 1 2 2
4 Marcel Marcel Adam Klapka Matt Rempe 15 1 2 2
5 vs 5 Defense
Defense Defense Time % Phy DF OF
1 Samuel Johannesson Tyler Kleven 35 1 2 2
2 Albert Johansson Ryan Johnson 35 1 2 2
3 Michael Callahan Dylan Coghlan 30 1 2 2
4 Samuel Johannesson Tyler Kleven 0 1 2 2
PowerPlay Forward
Center Left Wing Right Wing Time % Phy DF OF
1 Luca Del Bel Belluz Marc Gatcomb Nils Aman 50 1 2 2
2 Jacob Quillan Adam Klapka Michael Carcone 50 1 2 2
PowerPlay Defense
Defense Defense Time % Phy DF OF
1 Dylan Coghlan Albert Johansson 50 1 2 2
2 Samuel Johannesson Tyler Kleven 50 1 2 2
Penalty Kill 4 Players Forward
Center Wing Time % Phy DF OF
1 Jacob Quillan Jaroslav Chmelar 50 1 2 2
2 Luca Del Bel Belluz Ryan Winterton 50 1 2 2
Penalty Kill 4 Players Defense
Defense Defense Time % Phy DF OF
1 Albert Johansson Tyler Kleven 50 1 2 2
2 Dylan Coghlan Michael Callahan 50 1 2 2
Penalty Kill - 3 Players Forward
Forward Time % Phy DF OF
1 Jacob Quillan 50 1 2 2
2 Jaroslav Chmelar 50 1 2 2
Penalty Kill - 3 Players Defense
Defense Defense Time % Phy DF OF
1 Albert Johansson Tyler Kleven 50 1 2 2
2 Dylan Coghlan Michael Callahan 50 1 2 2
4 vs 4 Forward
Center Wing Time % Phy DF OF
1 Luca Del Bel Belluz Nils Aman 50 1 2 2
2 Jacob Quillan Michael Carcone 50 1 2 2
4 vs 4 Defense
Defense Defense Time % Phy DF OF
1 Samuel Johannesson Tyler Kleven 50 1 2 2
2 Albert Johansson Dylan Coghlan 50 1 2 2
Last Minutes Offensive
Center Left Wing Right Wing Defense Defense
Luca Del Bel Belluz Marc Gatcomb Nils Aman Dylan Coghlan Albert Johansson
Last Minutes Defensive
Center Left Wing Right Wing Defense Defense
Jacob Quillan Jaroslav Chmelar Luca Del Bel Belluz Albert Johansson Tyler Kleven
Goaltenders
Starting : Cooper Black
Backup : Colten Ellis
Extra Forwards
Normal : Luca Del Bel Belluz, Jacob Quillan, Marc Gatcomb - PP : Luca Del Bel Belluz, Jacob Quillan - PK : Jacob Quillan
Extra Defensemen
Normal : Tyler Kleven, Dylan Coghlan, Samuel Johannesson - PP : Samuel Johannesson - PK : Albert Johansson, Dylan Coghlan
Penalty Shots
Jacob Quillan, Kai Uchacz, Dylan Coghlan, Jaroslav Chmelar, Marcel Marcel
Scratches
Chase Bradley (Healthy), Noah Laba (Healthy), Sam Lipkin (Healthy), Parker Bell (Healthy), Gavin Hayes (Healthy)
Anton Johansson (Healthy), Noel Gunler (Healthy), Isaac Poulter (Healthy)
Cape Breton Oilers
5 vs 5 Forward
Center Left Wing Right Wing Time % Phy DF OF
1 Conor Geekie Patrick Maroon Jonny Brodzinski 30 1 2 2
2 Colin White Carl Grundstrom Alexandre Texier 30 1 2 2
3 Brennan Othmann Ryan Reaves Zack MacEwen 25 1 2 2
4 Patrick Maroon Brennan Othmann Chase Stillman 15 1 2 2
5 vs 5 Defense
Defense Defense Time % Phy DF OF
1 Kevin Bahl Wyatt Kaiser 30 1 2 2
2 Nolan Allan Vladislav Kolyachonok 30 1 2 2
3 Seamus Casey William Trudeau 25 1 2 2
4 Michael Benning Kevin Bahl 15 1 2 2
PowerPlay Forward
Center Left Wing Right Wing Time % Phy DF OF
1 Conor Geekie Patrick Maroon Jonny Brodzinski 50 1 2 2
2 Colin White Carl Grundstrom Alexandre Texier 50 1 2 2
PowerPlay Defense
Defense Defense Time % Phy DF OF
1 Kevin Bahl Wyatt Kaiser 50 1 2 2
2 Nolan Allan Vladislav Kolyachonok 50 1 2 2
Penalty Kill 4 Players Forward
Center Wing Time % Phy DF OF
1 Patrick Maroon Conor Geekie 50 1 2 2
2 Jonny Brodzinski Carl Grundstrom 50 1 2 2
Penalty Kill 4 Players Defense
Defense Defense Time % Phy DF OF
1 Kevin Bahl Wyatt Kaiser 50 1 2 2
2 Nolan Allan Vladislav Kolyachonok 50 1 2 2
Penalty Kill - 3 Players Forward
Forward Time % Phy DF OF
1 Patrick Maroon 50 1 2 2
2 Conor Geekie 50 1 2 2
Penalty Kill - 3 Players Defense
Defense Defense Time % Phy DF OF
1 Kevin Bahl Wyatt Kaiser 50 1 2 2
2 Nolan Allan Vladislav Kolyachonok 50 1 2 2
4 vs 4 Forward
Center Wing Time % Phy DF OF
1 Patrick Maroon Conor Geekie 50 1 2 2
2 Jonny Brodzinski Carl Grundstrom 50 1 2 2
4 vs 4 Defense
Defense Defense Time % Phy DF OF
1 Kevin Bahl Wyatt Kaiser 50 1 2 2
2 Nolan Allan Vladislav Kolyachonok 50 1 2 2
Last Minutes Offensive
Center Left Wing Right Wing Defense Defense
Conor Geekie Patrick Maroon Jonny Brodzinski Kevin Bahl Wyatt Kaiser
Last Minutes Defensive
Center Left Wing Right Wing Defense Defense
Conor Geekie Patrick Maroon Jonny Brodzinski Kevin Bahl Wyatt Kaiser
Goaltenders
Starting : Damian Clara
Backup : James Reimer
Extra Forwards
Normal : Josh Bloom, Ryan Reaves, Zack MacEwen - PP : Josh Bloom, Ryan Reaves - PK : Zack MacEwen
Extra Defensemen
Normal : Seamus Casey, William Trudeau, Michael Benning - PP : Seamus Casey - PK : William Trudeau, Michael Benning
Penalty Shots
Patrick Maroon, Conor Geekie, Jonny Brodzinski, Carl Grundstrom, Colin White
Scratches
Jack Peart (Healthy), Ethan Haider (Healthy), Joel Blomqvist (Healthy)
% Time on Ice - Philadelphia Phantoms
Lines # - Real PCT - Wanted PCT - Time Play
Normal Forward
1 - 27% - 30% - 13:04
2 - 29% - 30% - 13:53
3 - 24% - 25% - 11:36
4 - 20% - 15% - 9:36
Normal Defense
1 - 36% - 35% - 17:10
2 - 33% - 35% - 15:50
3 - 31% - 30% - 15:09
4 - 0% - 0% - 0:00
PP Forward
1 - 60% - 50% - 2:37
2 - 40% - 50% - 1:45
PP Defense
1 - 37% - 50% - 1:36
2 - 63% - 50% - 2:46
PK Forward
1 - 54% - 50% - 3:02
2 - 46% - 50% - 2:32
PK Defense
1 - 53% - 50% - 2:57
2 - 47% - 50% - 2:37
PK3 Forward
1 - 0% - 50%
2 - 0% - 50%
PK3 Defense
1 - 0% - 50%
2 - 0% - 50%
44 Forward
1 - 53% - 50% - 1:01
2 - 47% - 50% - 0:54
44 Defense
1 - 52% - 50% - 1:00
2 - 48% - 50% - 0:55
Last Minute Offensive - 0:00
Last Minute Defensive - 0:00
Total
Forward - 60:00
Defense - 60:00
|
% Time on Ice - Cape Breton Oilers
Lines # - Real PCT - Wanted PCT - Time Play
Normal Forward
1 - 27% - 30% - 12:51
2 - 35% - 30% - 16:40
3 - 25% - 25% - 11:50
4 - 14% - 15% - 6:48
Normal Defense
1 - 30% - 30% - 14:17
2 - 32% - 30% - 15:14
3 - 27% - 25% - 13:02
4 - 12% - 15% - 5:36
PP Forward
1 - 54% - 50% - 3:01
2 - 46% - 50% - 2:33
PP Defense
1 - 49% - 50% - 2:42
2 - 51% - 50% - 2:52
PK Forward
1 - 47% - 50% - 2:04
2 - 53% - 50% - 2:18
PK Defense
1 - 54% - 50% - 2:21
2 - 46% - 50% - 2:01
PK3 Forward
1 - 0% - 50%
2 - 0% - 50%
PK3 Defense
1 - 0% - 50%
2 - 0% - 50%
44 Forward
1 - 66% - 50% - 1:16
2 - 34% - 50% - 0:39
44 Defense
1 - 53% - 50% - 1:01
2 - 47% - 50% - 0:54
Last Minute Offensive - 0:00
Last Minute Defensive - 0:00
Total
Forward - 60:00
Defense - 60:00
|
Play-by-Play
1st period
0:01 of 1st period - Conor Geekie wins face-off versus Luca Del Bel Belluz in neutral zone.
0:03 of 1st period - Off-side.
0:04 of 1st period - Luca Del Bel Belluz wins face-off versus Conor Geekie in neutral zone.
0:23 of 1st period - Wyatt Kaiser is hit by Tye Kartye and loses puck.
0:36 of 1st period - Snap shot by Conor Geekie.
0:36 of 1st period - Stopped by Cooper Black without a rebound.
0:37 of 1st period - Colin White wins face-off versus Jacob Quillan in Philadelphia Phantoms zone.
0:46 of 1st period - Nolan Allan is hit by Ryan Winterton and loses puck.
1:03 of 1st period - Jaroslav Chmelar is hit by Zack MacEwen and loses puck.
2:23 of 1st period - Slapshot by Adam Klapka.
2:23 of 1st period - Stopped by Damian Clara with a rebound.
2:35 of 1st period - Snap shot by Conor Geekie.
2:35 of 1st period - Deflect By Alexandre Texier.
2:35 of 1st period - Shot Misses the Net.
2:35 of 1st period - Puck is out of play.
2:36 of 1st period - Kai Uchacz wins face-off versus Colin White in Philadelphia Phantoms zone.
3:13 of 1st period - William Trudeau beats up Jacob Quillan.
3:13 of 1st period - Penalty to William Trudeau for Fighting.
3:13 of 1st period - Penalty to Jacob Quillan for Fighting.
3:14 of 1st period - Patrick Maroon wins face-off versus Luca Del Bel Belluz in Cape Breton Oilers zone.
3:14 of 1st period - Patrick Maroon is hit by Luca Del Bel Belluz.
4:25 of 1st period - Wrist shot by Adam Klapka.
4:25 of 1st period - Deflect By Matt Rempe.
4:25 of 1st period - Stopped by Damian Clara without a rebound.
4:26 of 1st period - Luca Del Bel Belluz wins face-off versus Colin White in Cape Breton Oilers zone.
4:40 of 1st period - Wrist shot by Alexandre Texier.
4:40 of 1st period - Shot Misses the Net.
4:56 of 1st period - Wrist shot by Michael Carcone.
4:56 of 1st period - Stopped by Damian Clara with a rebound.
5:24 of 1st period - Snap shot by Conor Geekie.
5:24 of 1st period - Shot Misses the Net.
5:26 of 1st period - Slapshot by Wyatt Kaiser.
5:26 of 1st period - Shot Misses the Net.
5:40 of 1st period - Wrist shot by Colin White.
5:40 of 1st period - Shot Blocked by Marcel Marcel.
5:42 of 1st period - Wrist shot by Carl Grundstrom.
5:42 of 1st period - Shot Misses the Net.
6:10 of 1st period - Slapshot by Michael Carcone.
6:10 of 1st period - Shot Misses the Net.
6:31 of 1st period - Icing by Ryan Reaves.
6:32 of 1st period - Brennan Othmann wins face-off versus Luca Del Bel Belluz in Cape Breton Oilers zone.
6:32 of 1st period - Brennan Othmann is hit by Michael Carcone.
6:38 of 1st period - Ryan Winterton is hit by Ryan Reaves and loses puck.
7:08 of 1st period - Kevin Bahl is hit by Michael Carcone and loses puck.
7:23 of 1st period - Wrist shot by Luca Del Bel Belluz.
7:23 of 1st period - Deflect By Ryan Winterton.
7:23 of 1st period - Stopped by Damian Clara with a rebound.
7:25 of 1st period - Slapshot by Ryan Winterton.
7:25 of 1st period - Stopped by Damian Clara with a rebound.
7:27 of 1st period - Slapshot by Samuel Johannesson.
7:27 of 1st period - Stopped by Damian Clara with a rebound.
7:44 of 1st period - Snap shot by Michael Carcone.
7:44 of 1st period - Stopped by Damian Clara without a rebound.
7:45 of 1st period - Marc Gatcomb wins face-off versus Patrick Maroon in Cape Breton Oilers zone.
7:48 of 1st period - Snap shot by Kai Uchacz.
7:48 of 1st period - Stopped by Damian Clara with a rebound.
7:50 of 1st period - Wrist shot by Marc Gatcomb.
7:50 of 1st period - Stopped by Damian Clara without a rebound.
7:51 of 1st period - Patrick Maroon wins face-off versus Jaroslav Chmelar in Cape Breton Oilers zone.
7:59 of 1st period - Minor Penalty to Jaroslav Chmelar for Hooking.
8:00 of 1st period - Nils Aman wins face-off versus Jonny Brodzinski in Philadelphia Phantoms zone.
8:13 of 1st period - Penalty to Jacob Quillan is over, Jacob Quillan is back on ice.
9:59 of 1st period - Penalty to Jaroslav Chmelar is over, Jaroslav Chmelar is back on ice.
10:00 of 1st period - Tyler Kleven is hit by Kevin Bahl and loses puck.
10:07 of 1st period - Slapshot by Zack MacEwen.
10:07 of 1st period - Shot Misses the Net.
11:27 of 1st period - Chase Stillman is hit by Jacob Quillan.
11:45 of 1st period - Icing by Brennan Othmann.
11:46 of 1st period - Kai Uchacz wins face-off versus Josh Bloom in Cape Breton Oilers zone.
12:32 of 1st period - Slapshot by Alexandre Texier.
12:32 of 1st period - Stopped by Cooper Black without a rebound.
12:33 of 1st period - Conor Geekie wins face-off versus Luca Del Bel Belluz in Philadelphia Phantoms zone.
12:34 of 1st period - Wrist shot by Jonny Brodzinski.
12:34 of 1st period - Stopped by Cooper Black with a rebound.
12:44 of 1st period - Wrist shot by Luca Del Bel Belluz.
12:44 of 1st period - Shot Blocked by Jonny Brodzinski.
12:46 of 1st period - Snap shot by Tye Kartye.
12:46 of 1st period - Stopped by Damian Clara without a rebound.
12:47 of 1st period - Conor Geekie wins face-off versus Kai Uchacz in Cape Breton Oilers zone.
12:56 of 1st period - Snap shot by Conor Geekie.
12:56 of 1st period - Stopped by Cooper Black with a rebound.
12:57 of 1st period - Patrick Maroon beats up Kai Uchacz.
12:57 of 1st period - Penalty to Patrick Maroon for Fighting.
12:57 of 1st period - Penalty to Kai Uchacz for Fighting.
12:58 of 1st period - Luca Del Bel Belluz wins face-off versus Brennan Othmann in Philadelphia Phantoms zone.
13:50 of 1st period - Snap shot by Jaroslav Chmelar.
13:50 of 1st period - Shot Blocked by Alexandre Texier.
14:36 of 1st period - Snap shot by Jacob Quillan.
14:36 of 1st period - Goal by Jacob Quillan - Philadelphia Phantoms : 1 - Cape Breton Oilers : 0.
14:37 of 1st period - Luca Del Bel Belluz wins face-off versus Brennan Othmann in neutral zone.
14:45 of 1st period - Slapshot by Nils Aman.
14:45 of 1st period - Shot Blocked by Kevin Bahl.
14:47 of 1st period - Backhand shot by Michael Callahan.
14:47 of 1st period - Stopped by Damian Clara with a rebound.
14:49 of 1st period - Snap shot by Tye Kartye.
14:49 of 1st period - Shot Misses the Net.
15:03 of 1st period - Jacob Quillan is hit by Conor Geekie and loses puck.
15:30 of 1st period - Colin White is hit by Marc Gatcomb and loses puck.
15:48 of 1st period - Off-side.
15:49 of 1st period - Ryan Reaves wins face-off versus Adam Klapka in neutral zone.
15:55 of 1st period - Icing by Dylan Coghlan.
15:56 of 1st period - Marcel Marcel wins face-off versus Brennan Othmann in Philadelphia Phantoms zone.
15:56 of 1st period - Marcel Marcel is hit by Ryan Reaves.
15:59 of 1st period - Zack MacEwen and Dylan Coghlan fight to a draw.
15:59 of 1st period - Penalty to Zack MacEwen for Fighting.
15:59 of 1st period - Penalty to Dylan Coghlan for Fighting.
16:00 of 1st period - Luca Del Bel Belluz wins face-off versus Brennan Othmann in neutral zone.
16:49 of 1st period - Alexandre Texier is hit by Matt Rempe and loses puck.
17:02 of 1st period - Snap shot by Alexandre Texier.
17:02 of 1st period - Shot Blocked by Albert Johansson.
17:04 of 1st period - Snap shot by Colin White.
17:04 of 1st period - Shot Misses the Net.
17:20 of 1st period - Snap shot by Alexandre Texier.
17:20 of 1st period - Shot Misses the Net.
17:22 of 1st period - Wrist shot by Carl Grundstrom.
17:22 of 1st period - Shot Blocked by Albert Johansson.
17:24 of 1st period - Wrist shot by Carl Grundstrom.
17:24 of 1st period - Deflect By Alexandre Texier.
17:24 of 1st period - Deflect By Ryan Winterton.
17:24 of 1st period - Shot Misses the Net.
17:24 of 1st period - Puck is out of play.
17:25 of 1st period - Conor Geekie wins face-off versus Luca Del Bel Belluz in Philadelphia Phantoms zone.
17:26 of 1st period - Wrist shot by Jonny Brodzinski.
17:26 of 1st period - Shot Blocked by Michael Callahan.
17:28 of 1st period - Snap shot by Jonny Brodzinski.
17:28 of 1st period - Stopped by Cooper Black with a rebound.
17:32 of 1st period - Wrist shot by Conor Geekie.
17:32 of 1st period - Stopped by Cooper Black with a rebound.
17:34 of 1st period - Wrist shot by Jonny Brodzinski.
17:34 of 1st period - Shot Misses the Net.
17:36 of 1st period - Slapshot by Conor Geekie.
17:36 of 1st period - Stopped by Cooper Black without a rebound.
17:37 of 1st period - Luca Del Bel Belluz wins face-off versus Brennan Othmann in Philadelphia Phantoms zone.
18:23 of 1st period - Ryan Winterton is hit by Conor Geekie and loses puck.
18:43 of 1st period - Slapshot by Adam Klapka.
18:43 of 1st period - Stopped by Damian Clara without a rebound.
18:44 of 1st period - Colin White wins face-off versus Marcel Marcel in Cape Breton Oilers zone.
19:09 of 1st period - Tyler Kleven is hit by Nolan Allan and loses puck.
19:29 of 1st period - Snap shot by Seamus Casey.
19:29 of 1st period - Shot Blocked by Ryan Johnson.
19:31 of 1st period - Snap shot by Seamus Casey.
19:31 of 1st period - Shot Misses the Net.
19:33 of 1st period - Slapshot by Conor Geekie.
19:33 of 1st period - Shot Misses the Net.
19:36 of 1st period - Icing by Michael Callahan.
19:37 of 1st period - Jonny Brodzinski wins face-off versus Kai Uchacz in Philadelphia Phantoms zone.
19:48 of 1st period - Backhand shot by Jonny Brodzinski.
19:48 of 1st period - Stopped by Cooper Black without a rebound.
19:49 of 1st period - Luca Del Bel Belluz wins face-off versus Brennan Othmann in Philadelphia Phantoms zone.
Goals for this period are 1 for Philadelphia Phantoms vs 0 for Cape Breton Oilers.
Shots for this period are 13 for Philadelphia Phantoms vs 8 for Cape Breton Oilers.
2nd period
0:01 of 2nd period - Luca Del Bel Belluz wins face-off versus Patrick Maroon in neutral zone.
0:10 of 2nd period - Wrist shot by Patrick Maroon.
0:10 of 2nd period - Shot Blocked by Samuel Johannesson.
0:12 of 2nd period - Slapshot by Nolan Allan.
0:12 of 2nd period - Stopped by Cooper Black with a rebound.
0:14 of 2nd period - Snap shot by Nolan Allan.
0:14 of 2nd period - Stopped by Cooper Black with a rebound.
0:33 of 2nd period - Snap shot by Ryan Reaves.
0:33 of 2nd period - Stopped by Cooper Black with a rebound.
0:35 of 2nd period - Wrist shot by Ryan Reaves.
0:35 of 2nd period - Stopped by Cooper Black with a rebound.
1:24 of 2nd period - William Trudeau is hit by Tye Kartye.
1:36 of 2nd period - Wrist shot by Zack MacEwen.
1:36 of 2nd period - Goal by Zack MacEwen - Philadelphia Phantoms : 1 - Cape Breton Oilers : 1.
1:37 of 2nd period - Luca Del Bel Belluz wins face-off versus Ryan Reaves in neutral zone.
2:28 of 2nd period - Slapshot by Conor Geekie.
2:28 of 2nd period - Shot Blocked by Ryan Johnson.
2:47 of 2nd period - Off-side.
2:48 of 2nd period - Marcel Marcel wins face-off versus Colin White in neutral zone.
2:57 of 2nd period - Michael Callahan is hit by Colin White.
3:01 of 2nd period - Dylan Coghlan is hit by Alexandre Texier and loses puck.
3:14 of 2nd period - Snap shot by Alexandre Texier.
3:14 of 2nd period - Shot Misses the Net.
3:16 of 2nd period - Snap shot by Kevin Bahl.
3:16 of 2nd period - Shot Misses the Net.
3:18 of 2nd period - Snap shot by Jonny Brodzinski.
3:18 of 2nd period - Shot Misses the Net.
3:20 of 2nd period - Wrist shot by Patrick Maroon.
3:20 of 2nd period - Shot Misses the Net.
3:26 of 2nd period - Slapshot by Conor Geekie.
3:26 of 2nd period - Stopped by Cooper Black with a rebound.
3:36 of 2nd period - Snap shot by Ryan Reaves.
3:36 of 2nd period - Stopped by Cooper Black with a rebound.
3:39 of 2nd period - Icing by Dylan Coghlan.
3:40 of 2nd period - Jacob Quillan wins face-off versus Brennan Othmann in Philadelphia Phantoms zone.
3:40 of 2nd period - Jacob Quillan is hit by Zack MacEwen.
3:54 of 2nd period - Snap shot by Ryan Reaves.
3:54 of 2nd period - Deflect By Zack MacEwen.
3:54 of 2nd period - Stopped by Cooper Black with a rebound.
4:10 of 2nd period - Wrist shot by Brennan Othmann.
4:10 of 2nd period - Shot Misses the Net.
4:20 of 2nd period - Snap shot by Michael Carcone.
4:20 of 2nd period - Shot Misses the Net.
4:22 of 2nd period - Wrist shot by Jacob Quillan.
4:22 of 2nd period - Stopped by Damian Clara with a rebound.
4:24 of 2nd period - Slapshot by Michael Callahan.
4:24 of 2nd period - Deflect By Michael Carcone.
4:24 of 2nd period - Shot Blocked by Ryan Reaves.
4:24 of 2nd period - Puck is out of play.
4:25 of 2nd period - Luca Del Bel Belluz wins face-off versus Conor Geekie in Cape Breton Oilers zone.
5:38 of 2nd period - Off-side.
5:39 of 2nd period - Matt Rempe wins face-off versus Conor Geekie in neutral zone.
5:48 of 2nd period - Slapshot by Jonny Brodzinski.
5:48 of 2nd period - Shot Misses the Net.
5:53 of 2nd period - Minor Penalty to Patrick Maroon for Hooking.
5:54 of 2nd period - Luca Del Bel Belluz wins face-off versus Jonny Brodzinski in Cape Breton Oilers zone.
5:57 of 2nd period - Minor Penalty to Marc Gatcomb for Roughing.
5:58 of 2nd period - Conor Geekie wins face-off versus Luca Del Bel Belluz in Philadelphia Phantoms zone.
7:53 of 2nd period - Penalty to Patrick Maroon is over, Patrick Maroon is back on ice.
7:57 of 2nd period - Penalty to Marc Gatcomb is over, Marc Gatcomb is back on ice.
7:57 of 2nd period - Ryan Winterton is hit by Kevin Bahl.
8:13 of 2nd period - Snap shot by Tye Kartye.
8:13 of 2nd period - Stopped by Damian Clara without a rebound.
8:14 of 2nd period - Colin White wins face-off versus Marcel Marcel in Cape Breton Oilers zone.
8:23 of 2nd period - Snap shot by Matt Rempe.
8:23 of 2nd period - Shot Misses the Net.
8:25 of 2nd period - Wrist shot by Adam Klapka.
8:25 of 2nd period - Stopped by Damian Clara with a rebound.
8:48 of 2nd period - Wrist shot by Brennan Othmann.
8:48 of 2nd period - Shot Blocked by Albert Johansson.
8:50 of 2nd period - Wrist shot by Brennan Othmann.
8:50 of 2nd period - Stopped by Cooper Black without a rebound.
8:51 of 2nd period - Luca Del Bel Belluz wins face-off versus Colin White in Philadelphia Phantoms zone.
9:37 of 2nd period - Off-side.
9:38 of 2nd period - Kai Uchacz wins face-off versus Conor Geekie in neutral zone.
9:41 of 2nd period - Jonny Brodzinski is hit by Ryan Johnson.
9:49 of 2nd period - Slapshot by Jonny Brodzinski.
9:49 of 2nd period - Goal by Jonny Brodzinski - Philadelphia Phantoms : 1 - Cape Breton Oilers : 2.
9:50 of 2nd period - Luca Del Bel Belluz wins face-off versus Conor Geekie in neutral zone.
9:58 of 2nd period - Icing by Jonny Brodzinski.
9:59 of 2nd period - Patrick Maroon wins face-off versus Luca Del Bel Belluz in Cape Breton Oilers zone.
10:08 of 2nd period - Wrist shot by Jonny Brodzinski.
10:08 of 2nd period - Shot Misses the Net.
10:26 of 2nd period - Wrist shot by Nils Aman.
10:26 of 2nd period - Shot Blocked by Wyatt Kaiser.
10:28 of 2nd period - Slapshot by Luca Del Bel Belluz.
10:28 of 2nd period - Shot Blocked by Wyatt Kaiser.
10:30 of 2nd period - Slapshot by Albert Johansson.
10:30 of 2nd period - Stopped by Damian Clara with a rebound.
10:32 of 2nd period - Wrist shot by Tye Kartye.
10:32 of 2nd period - Stopped by Damian Clara with a rebound.
10:34 of 2nd period - Slapshot by Nils Aman.
10:34 of 2nd period - Stopped by Damian Clara with a rebound.
10:44 of 2nd period - Snap shot by Luca Del Bel Belluz.
10:44 of 2nd period - Shot Blocked by Patrick Maroon.
10:46 of 2nd period - Snap shot by Luca Del Bel Belluz.
10:46 of 2nd period - Shot Blocked by Wyatt Kaiser.
10:48 of 2nd period - Snap shot by Tye Kartye.
10:48 of 2nd period - Stopped by Damian Clara without a rebound.
10:49 of 2nd period - Colin White wins face-off versus Jacob Quillan in Cape Breton Oilers zone.
10:51 of 2nd period - Minor Penalty to Colin White for Tripping.
10:52 of 2nd period - Jacob Quillan wins face-off versus Jonny Brodzinski in Cape Breton Oilers zone.
11:50 of 2nd period - Kevin Bahl is hit by Marc Gatcomb and loses puck.
12:35 of 2nd period - Samuel Johannesson is hit by Kevin Bahl and loses puck.
12:51 of 2nd period - Penalty to Colin White is over, Colin White is back on ice.
12:56 of 2nd period - Snap shot by Brennan Othmann.
12:56 of 2nd period - Stopped by Cooper Black without a rebound.
12:57 of 2nd period - Kai Uchacz wins face-off versus Brennan Othmann in Philadelphia Phantoms zone.
13:10 of 2nd period - Backhand shot by Kai Uchacz.
13:10 of 2nd period - Stopped by Damian Clara with a rebound.
13:22 of 2nd period - Ryan Johnson is hit by Alexandre Texier and loses puck.
13:36 of 2nd period - Off-side.
13:37 of 2nd period - Kai Uchacz wins face-off versus Patrick Maroon in neutral zone.
13:50 of 2nd period - Snap shot by Brennan Othmann.
13:50 of 2nd period - Shot Blocked by Dylan Coghlan.
14:03 of 2nd period - Minor Penalty to Colin White for Slashing.
14:04 of 2nd period - Luca Del Bel Belluz wins face-off versus Patrick Maroon in Cape Breton Oilers zone.
14:18 of 2nd period - Wrist shot by Nils Aman.
14:18 of 2nd period - Shot Misses the Net.
14:42 of 2nd period - Snap shot by Conor Geekie.
14:42 of 2nd period - Stopped by Cooper Black without a rebound.
14:43 of 2nd period - Jonny Brodzinski wins face-off versus Marc Gatcomb in Philadelphia Phantoms zone.
14:44 of 2nd period - Wrist shot by Carl Grundstrom.
14:44 of 2nd period - Stopped by Cooper Black with a rebound.
15:07 of 2nd period - Icing by Luca Del Bel Belluz.
15:08 of 2nd period - Luca Del Bel Belluz wins face-off versus Patrick Maroon in Philadelphia Phantoms zone.
15:08 of 2nd period - Luca Del Bel Belluz is hit by Patrick Maroon.
15:33 of 2nd period - Icing by Luca Del Bel Belluz.
15:34 of 2nd period - Jonny Brodzinski wins face-off versus Luca Del Bel Belluz in Philadelphia Phantoms zone.
15:41 of 2nd period - Slapshot by Marc Gatcomb.
15:41 of 2nd period - Shot Misses the Net.
15:43 of 2nd period - Snap shot by Marc Gatcomb.
15:43 of 2nd period - Shot Misses the Net.
15:49 of 2nd period - Snap shot by Luca Del Bel Belluz.
15:49 of 2nd period - Shot Misses the Net.
15:51 of 2nd period - Snap shot by Luca Del Bel Belluz.
15:51 of 2nd period - Goal by Luca Del Bel Belluz - Philadelphia Phantoms : 2 - Cape Breton Oilers : 2.
15:52 of 2nd period - Jacob Quillan wins face-off versus Colin White in neutral zone.
16:07 of 2nd period - Slapshot by Michael Carcone.
16:07 of 2nd period - Shot Misses the Net.
16:17 of 2nd period - Adam Klapka is hit by Jonny Brodzinski and loses puck.
16:25 of 2nd period - Minor Penalty to Matt Rempe for Slashing.
16:26 of 2nd period - Ryan Winterton wins face-off versus Carl Grundstrom in Philadelphia Phantoms zone.
16:36 of 2nd period - Ryan Winterton is hit by Alexandre Texier and loses puck.
18:25 of 2nd period - Penalty to Matt Rempe is over, Matt Rempe is back on ice.
18:40 of 2nd period - Minor Penalty to Ryan Reaves for Roughing.
18:41 of 2nd period - Jacob Quillan wins face-off versus Jonny Brodzinski in Cape Breton Oilers zone.
18:41 of 2nd period - Wrist shot by Michael Carcone.
18:41 of 2nd period - Stopped by Damian Clara without a rebound.
18:42 of 2nd period - Jonny Brodzinski wins face-off versus Jacob Quillan in Cape Breton Oilers zone.
19:11 of 2nd period - Slapshot by Nils Aman.
19:11 of 2nd period - Goal by Nils Aman - Philadelphia Phantoms : 3 - Cape Breton Oilers : 2.
19:12 of 2nd period - Colin White wins face-off versus Luca Del Bel Belluz in neutral zone.
19:14 of 2nd period - Off-side.
19:15 of 2nd period - Luca Del Bel Belluz wins face-off versus Colin White in neutral zone.
19:28 of 2nd period - Wrist shot by Luca Del Bel Belluz.
19:28 of 2nd period - Deflect By Nils Aman.
19:28 of 2nd period - Shot Blocked by Wyatt Kaiser.
19:28 of 2nd period - Puck is out of play.
19:29 of 2nd period - Jacob Quillan wins face-off versus Conor Geekie in Cape Breton Oilers zone.
19:42 of 2nd period - Snap shot by Michael Carcone.
19:42 of 2nd period - Shot Misses the Net.
19:54 of 2nd period - Tyler Kleven is hit by Vladislav Kolyachonok and loses puck.
Goals for this period are 2 for Philadelphia Phantoms vs 2 for Cape Breton Oilers.
Shots for this period are 11 for Philadelphia Phantoms vs 13 for Cape Breton Oilers.
3rd period
0:01 of 3rd period - Carl Grundstrom wins face-off versus Luca Del Bel Belluz in neutral zone.
0:04 of 3rd period - Slapshot by Kevin Bahl.
0:04 of 3rd period - Deflect By Carl Grundstrom.
0:04 of 3rd period - Stopped by Cooper Black without a rebound.
0:05 of 3rd period - Colin White wins face-off versus Luca Del Bel Belluz in Philadelphia Phantoms zone.
0:06 of 3rd period - Snap shot by Carl Grundstrom.
0:06 of 3rd period - Stopped by Cooper Black with a rebound.
0:08 of 3rd period - Slapshot by Wyatt Kaiser.
0:08 of 3rd period - Shot Blocked by Ryan Johnson.
0:18 of 3rd period - Snap shot by Alexandre Texier.
0:18 of 3rd period - Shot Misses the Net.
0:20 of 3rd period - Snap shot by Carl Grundstrom.
0:20 of 3rd period - Shot Misses the Net.
0:32 of 3rd period - Wrist shot by Zack MacEwen.
0:32 of 3rd period - Stopped by Cooper Black with a rebound.
0:34 of 3rd period - Wrist shot by Ryan Reaves.
0:34 of 3rd period - Goal by Ryan Reaves - Philadelphia Phantoms : 3 - Cape Breton Oilers : 3.
0:35 of 3rd period - Jacob Quillan wins face-off versus Conor Geekie in neutral zone.
1:10 of 3rd period - Snap shot by Carl Grundstrom.
1:10 of 3rd period - Stopped by Cooper Black with a rebound.
1:12 of 3rd period - Slapshot by Carl Grundstrom.
1:12 of 3rd period - Shot Misses the Net.
1:22 of 3rd period - Michael Callahan is hit by Zack MacEwen and loses puck.
1:31 of 3rd period - Wrist shot by Zack MacEwen.
1:31 of 3rd period - Stopped by Cooper Black without a rebound.
1:32 of 3rd period - Conor Geekie wins face-off versus Jacob Quillan in Philadelphia Phantoms zone.
2:09 of 3rd period - Snap shot by Brennan Othmann.
2:09 of 3rd period - Shot Misses the Net.
2:27 of 3rd period - Snap shot by Marc Gatcomb.
2:27 of 3rd period - Shot Misses the Net.
3:15 of 3rd period - Ryan Winterton is hit by Brennan Othmann and loses puck.
3:30 of 3rd period - Samuel Johannesson is hit by Vladislav Kolyachonok.
3:48 of 3rd period - Snap shot by Michael Carcone.
3:48 of 3rd period - Shot Blocked by Ryan Reaves.
4:06 of 3rd period - Snap shot by Zack MacEwen.
4:06 of 3rd period - Stopped by Cooper Black with a rebound.
4:08 of 3rd period - Backhand shot by Nolan Allan.
4:08 of 3rd period - Shot Blocked by Samuel Johannesson.
4:10 of 3rd period - Wrist shot by Zack MacEwen.
4:10 of 3rd period - Shot Blocked by Tyler Kleven.
4:12 of 3rd period - Snap shot by Zack MacEwen.
4:12 of 3rd period - Shot Misses the Net.
4:14 of 3rd period - Slapshot by Nolan Allan.
4:14 of 3rd period - Goal by Nolan Allan - Philadelphia Phantoms : 3 - Cape Breton Oilers : 4.
4:15 of 3rd period - Nils Aman wins face-off versus Alexandre Texier in neutral zone.
5:39 of 3rd period - Ryan Johnson is hit by Jonny Brodzinski and loses puck.
6:32 of 3rd period - Carl Grundstrom is hit by Dylan Coghlan and loses puck.
6:45 of 3rd period - Jonny Brodzinski is hit by Jaroslav Chmelar and loses puck.
7:25 of 3rd period - Carl Grundstrom is hit by Tye Kartye and loses puck.
8:10 of 3rd period - Tyler Kleven is hit by Josh Bloom and loses puck.
8:44 of 3rd period - Zack MacEwen is hit by Ryan Johnson and loses puck.
9:40 of 3rd period - Snap shot by Kai Uchacz.
9:40 of 3rd period - Stopped by Damian Clara with a rebound.
10:52 of 3rd period - Zack MacEwen is hit by Albert Johansson and loses puck.
14:03 of 3rd period - Alexandre Texier is hit by Marcel Marcel and loses puck.
16:49 of 3rd period - Carl Grundstrom is hit by Adam Klapka and loses puck.
17:26 of 3rd period - Snap shot by Kai Uchacz.
17:26 of 3rd period - Stopped by Damian Clara without a rebound.
17:27 of 3rd period - Marcel Marcel wins face-off versus Carl Grundstrom in Cape Breton Oilers zone.
17:30 of 3rd period - Wrist shot by Adam Klapka.
17:30 of 3rd period - Stopped by Damian Clara without a rebound.
17:31 of 3rd period - Marcel Marcel wins face-off versus Josh Bloom in Cape Breton Oilers zone.
17:34 of 3rd period - Wrist shot by Adam Klapka.
17:34 of 3rd period - Stopped by Damian Clara without a rebound.
17:35 of 3rd period - Matt Rempe wins face-off versus Josh Bloom in Cape Breton Oilers zone.
17:44 of 3rd period - Snap shot by Carl Grundstrom.
17:44 of 3rd period - Stopped by Cooper Black with a rebound.
18:27 of 3rd period - Minor Penalty to Albert Johansson for Hooking.
18:28 of 3rd period - Luca Del Bel Belluz wins face-off versus Conor Geekie in Philadelphia Phantoms zone.
18:43 of 3rd period - Snap shot by Patrick Maroon.
18:43 of 3rd period - Deflect By Jonny Brodzinski.
18:43 of 3rd period - Shot Hit the Post.
18:43 of 3rd period - Puck is out of play.
18:44 of 3rd period - Colin White wins face-off versus Luca Del Bel Belluz in Philadelphia Phantoms zone.
19:33 of 3rd period - Conor Geekie is hit by Tyler Kleven.
Goals for this period are 0 for Philadelphia Phantoms vs 2 for Cape Breton Oilers.
Shots for this period are 4 for Philadelphia Phantoms vs 9 for Cape Breton Oilers.
Back to the Top